 Dungeon Sprint DCSS version 0.22-a0-877-g5c4e1af (webtiles) character file.

1170 Brynnhild the Carver (level 8, 62/78 HPs)
             Began as a Black Draconian Monk on July 29, 2018.
             Was a High Priest of Cheibriados.
             Quit the game in the Dungeon (Sprint IX: "|||||||||||||||||||||||||||||").
             The game lasted 00:02:35 (535 turns).

Brynnhild the Carver (Black Draconian Monk)          Turns: 535, Time: 00:02:36

Health: 62/78      AC: 10    Str: 24    XL:     8   Next: 17%
Magic:  4/13       EV: 22    Int: 24    God:    Cheibriados [*****.]
Gold:   0          SH:  0    Dex: 28    Spells: 7/7 levels left

rFire    . . .     SeeInvis .   l - +2 scimitar (flame)
rCold    . . .     Gourm    .   (no shield)
rNeg     . . .     Faith    .   (armour unavailable)
rPois    .         Spirit   .   (helmet restricted)
rElec    +         Reflect  .   m - +0 cloak
rCorr    .         Harm     .   n - +0 pair of gloves
MR       .....     NoTele   +   (no boots)
Stlth    +++.......             (no amulet)
HPRegen  0.23/turn              p - +3 ring of intelligence
MPRegen  0.13/turn              o - +2 ring of protection

@: short of breath, very slow
A: breathe lightning, unfitting armour, electricity resistance, cold-blooded, AC
+6
a: Breathe Lightning, Bend Time, Temporal Distortion, Slouch, Step From Time,
Renounce Religion


You were in the Dungeon.
You worshipped Cheibriados.
Cheibriados was extremely pleased with you.
You were not hungry.

You visited 1 branch

Inventory:

Hand Weapons
 a - a +0 falchion
 l - a +2 scimitar of flaming (weapon)
Armour
 m - a +0 cloak (worn)
 n - a +0 pair of gloves (worn)
Jewellery
 o - a +2 ring of protection (right hand)
 p - a +3 ring of intelligence (left hand)
Wands
 k - a wand of acid (4)
Scrolls
 h - 2 scrolls of blinking
 i - 3 scrolls of remove curse
 j - 2 scrolls of amnesia
Potions
 c - 5 potions of curing
 d - 3 potions of heal wounds
 e - a potion of haste
 f - 4 potions of magic
 g - a potion of invisibility
Comestibles
 b - a ration


   Skills:
 + Level 9.1 Fighting
 + Level 11.5 Long Blades
 + Level 9.4 Dodging
 - Level 1.7 Stealth
 * Level 7.3 Invocations


You had 7 spell levels left.
You didn't know any spells.
Your spell library was empty.

Dungeon Overview and Level Annotations

Branches:
Dungeon (1/1)

Altars:
Cheibriados
Dithmenos
Elyvilon
Fedhas
Gozag
Hepliaklqana
Kikubaaqudgha
Makhleb
Nemelex Xobeh
Okawaru
Qazlal
Ru
Sif Muna
Trog
Uskayaw
Vehumet
Wu Jian
Xom
Yredelemnul
Zin
The Shining One
Beogh
Jiyva
Lugonu


Innate Abilities, Weirdness & Mutations

You can breathe wild blasts of lightning.
Your glossy black scales are hard. (AC +6)
You cannot fit into any form of body armour.
You are resistant to electric shocks. (rElec)
You are cold-blooded and may be slowed by cold attacks.


Message History

Cheibriados thoroughly appreciates the change of pace.
Your Fighting skill increases to level 9!
You feel somewhat more hungry.
Unknown command.
The troll bites you! The troll completely misses you. The troll misses you.
There is an open door, spattered with blood here.
Unknown command.
You breathe a wild blast of lightning!
The zap hits you! You resist.
The zap misses you. x2; The zap hits the troll.
The troll is severely wounded.
The zap hits the troll.
The troll is severely wounded.
You hear a mighty clap of thunder!
You feel somewhat more hungry. The troll misses you.
The troll barely misses you. The troll misses you.
Unknown command.
Unknown command.
Unknown command.
Unknown command.
Are you sure you want to abandon this character and quit the game? (Confirm with "yes".)

▓+▓
▓†▓
▓.▓
▓.▓
▓.▓
▓u▓
▓T▓
▓@▓
▓.▓
▓.▓
▓.▓
▓.▓
▓)▓
▓(▓
▓'▓
▓.▓


You could see a brown ugly thing and a troll.

Vanquished Creatures
  A cyclops (D)
  A hornet (D)
  A yak (D)
  A vampire mosquito (D)
  A phantom (D)
  A crocodile (D)
  A quasit (D)
  A hound (D)
  An orc wizard (D)
  4 worker ants (D)
  An orc (D)
  A bat (D)
  A goblin (D)
  A jackal (D)
  2 kobolds (D)
  A quokka skeleton (D)
20 creatures vanquished.

Notes
Turn   | Place    | Note
-------+----------+-------------------------------------------
     0 | D        | Brynnhild the Draconian Monk began the quest for the Orb.
     0 | D        | Reached XP level 1. HP: 19/19 MP: 1/1
     7 | D        | Reached skill level 4 in Long Blades
   153 | D        | Noticed a worker ant
   153 | D        | Noticed a worker ant
   153 | D        | Noticed a phantom
   157 | D        | Killed a phantom
   157 | D        | Reached skill level 7 in Long Blades
   157 | D        | Reached skill level 5 in Dodging
   157 | D        | Reached XP level 2. HP: 26/26 MP: 2/2
   157 | D        | Reached XP level 3. HP: 31/31 MP: 3/3
   157 | D        | Reached XP level 4. HP: 38/38 MP: 4/4
   165 | D        | Reached skill level 8 in Long Blades
   165 | D        | Reached XP level 5. HP: 45/45 MP: 5/5
   215 | D        | Found a roughly hewn altar of Beogh.
   215 | D        | Found a snail-covered altar of Cheibriados.
   215 | D        | Found a shadowy altar of Dithmenos.
   215 | D        | Found a white marble altar of Elyvilon.
   215 | D        | Found a blossoming altar of Fedhas.
   215 | D        | Found an opulent altar of Gozag.
   216 | D        | Found a hazy altar of Hepliaklqana.
   217 | D        | Found a viscous altar of Jiyva.
   218 | D        | Found an ancient bone altar of Kikubaaqudgha.
   219 | D        | Became a worshipper of Cheibriados the Contemplative
   219 | D        | Reached * piety under Cheibriados
   219 | D        | Reached ** piety under Cheibriados
   220 | D        | Found a corrupted altar of Lugonu.
   221 | D        | Found a burning altar of Makhleb.
   222 | D        | Found a sparkling altar of Nemelex Xobeh.
   223 | D        | Found an iron altar of Okawaru.
   224 | D        | Found a stormy altar of Qazlal.
   225 | D        | Found a sacrificial altar of Ru.
   226 | D        | Found a deep blue altar of Sif Muna.
   227 | D        | Found a bloodstained altar of Trog.
   228 | D        | Found a hide-covered altar of Uskayaw.
   229 | D        | Found a radiant altar of Vehumet.
   230 | D        | Found an ornate altar of the Wu Jian Council.
   231 | D        | Found a shimmering altar of Xom.
   232 | D        | Found a basalt altar of Yredelemnul.
   233 | D        | Found a glowing silver altar of Zin.
   234 | D        | Found a glowing golden altar of the Shining One.
   274 | D        | Noticed a yak
   277 | D        | Reached skill level 1 in Invocations
   282 | D        | Killed a yak
   282 | D        | Reached *** piety under Cheibriados
   282 | D        | Reached skill level 5 in Fighting
   282 | D        | Reached skill level 9 in Long Blades
   282 | D        | Reached XP level 6. HP: 35/57 MP: 5/9
   291 | D        | Reached **** piety under Cheibriados
   528 | D        | Noticed a brown ugly thing
   528 | D        | Noticed a vampire mosquito
   528 | D        | Noticed a troll
   528 | D        | Noticed a hornet
   528 | D        | Noticed a cyclops
   531 | D        | Killed a cyclops
   531 | D        | Reached skill level 10 in Long Blades
   531 | D        | Your scales start taking on a glossy black colour.
   531 | D        | Reached XP level 7. HP: 68/68 MP: 9/11
   531 | D        | Gained mutation: You are resistant to electric shocks. (rElec) [Black Draconian growth]
   532 | D        | Killed a hornet
   532 | D        | Reached skill level 11 in Long Blades
   532 | D        | Reached ***** piety under Cheibriados
   532 | D        | Reached XP level 8. HP: 77/77 MP: 9/13
   535 | D        | Quit the game

Vault maps used:
D:        linesprint

Skill      XL: |  1  2  3  4  5  6  7  8 |
---------------+-------------------------+-----
Long Blades    | 7 8 9 10 11 | 11.5
Dodging        | 5 6 7 8 9 |  9.4
Invocations    | 4 6 7 |  7.3
Fighting       | 5 8 9 |  9.1
Stealth        | |  1.7

Action                   |  1- 3 |  4- 6 |  7- 9 || total
-------------------------+-------+-------+-------++-------
Melee: Falchion          |    15 |     6 |       ||    21
       Tailslap          |     2 |     3 |       ||     5
       Scimitar          |       |    12 |       ||    12
Invok: Slouch            |       |       |     1 ||     1
 Abil: Breathe Lightning |       |       |     1 ||     1
Evoke: Wand              |       |     5 |     1 ||     6
  Use: Potion            |     1 |       |       ||     1
 Stab: Distracted        |       |     1 |       ||     1
Armor: Skin              |     5 |     2 |       ||     7
Dodge: Dodged            |     8 |    10 |     7 ||    25
       Rpst.: Falchion   |     4 |     2 |       ||     6

Table legend:
 A = Spawn XP
 B = Non-spawn XP
 C = Spawn XP percentage of total XP
 D = Spawn monster count
 E = Non-spawn monster count
 F = Spawn count percentage of total count
 G = Total turns spent on level
                    A         B        C        D         E        F      G
               +---------+---------+-------+---------+---------+-------+---------
         Total |       0 |    1672 |   0.0 |       0 |      20 |   0.0 |   535
               +---------+---------+-------+---------+---------+-------+---------
             D |       0 |    1672 |   0.0 |       0 |      20 |   0.0 |   535
               +---------+---------+-------+---------+---------+-------+---------
